 Dungeon Crawl Stone Soup version 0.30-a0-365-ge7f957f1db (webtiles) character file.

Game seed: 4595364840920202112

189 leviel the Chopper (level 5, -3/46 HPs)
             Began as a Hill Orc Fighter on Nov 18, 2022.
             Slain by a hell rat (11 damage)
             ... in a sewer.
             The game lasted 00:05:10 (2773 turns).

leviel the Chopper (Hill Orc Fighter)               Turns: 2773, Time: 00:05:10

Health: -3/46      AC:  8    Str: 21    XL:     5   Next: 68%
Magic:  6/6        EV:  9    Int:  8    God:
Gold:   87         SH:  4    Dex: 10    Spells: 4/4 levels left

rFire   . . .      SeeInvis .    a - +0 war axe
rCold   . . .      Faith    .    c - +0 buckler
rNeg    . . .      Spirit   .    b - +0 scale mail
rPois   .          Reflect  .    f - +0 helmet
rElec   .          Harm     .    (no cloak)
rCorr   .          Rampage  .    (no gloves)
Will    .....                    (no boots)
Stlth   ..........               (no amulet)
HPRegen 0.27/turn                (no ring)
MPRegen 0.10/turn                (no ring)

@: no status effects
A: no striking features
a: no special abilities


You were in a sewer.
You visited 1 branch of the dungeon, and saw 3 of its levels.
You also visited: Sewer.

You collected 146 gold pieces.
You spent 59 gold pieces at shops.

Inventory:

Hand Weapons
 a - a +0 war axe (weapon)
Missiles
 e - a throwing net (quivered)
Armour
 b - a +0 scale mail (worn)
 c - a +0 buckler (worn)
 f - a +0 helmet (worn)
Scrolls
 g - 2 scrolls of identify {unknown}
 i - a scroll of enchant armour {unknown}
 n - a scroll of teleportation {unknown}
Potions
 d - a potion of might
 h - 3 potions of heal wounds {unknown}
 j - a potion of cancellation {unknown}
 k - a potion of curing {unknown}
 l - 2 potions of magic {unknown}
 m - a potion of mutation {unknown}


   Skills:
 + Level 4.3 Fighting
 * Level 4.6 Axes
 + Level 1.2 Throwing
 + Level 3.8 Armour
 + Level 4.0 Shields
 + Level 1.9 Invocations
 + Level 1.3 Evocations


You had 4 spell levels left.
You didn't know any spells.
Your spell library contained the following spells:

 Spells                   Type           Power      Damage    Failure   Level
 Gell's Gravitas          Tloc           0%         N/A       99%         3
 Lesser Beckoning         Tloc           0%         N/A       99%         3
 Teleport Other           Tloc           0%         N/A       99%         3
 Borgnjor's Revivificati  Necr           0%         N/A       100%        8
 Necromutation            Tmut/Necr      0%         N/A       100%        8
 Death's Door             Necr           0%         N/A       100%        9


Dungeon Overview and Level Annotations

Branches:
Dungeon (3/15)              Sewer (1/1)

Altars:
Beogh

Shops:
D:1 *::(!   D:2 *(

Annotations:
D:3 3 runed translucent doors, olddryhag's ghost, weakling DsGl


Message History

You slash the hell rat!
The hell rat is severely wounded.
The hell rat bites you!
The hell rat splashes around in the water.
You are too injured to fight recklessly!
You are too injured to fight recklessly!
You are too injured to fight recklessly!
You are too injured to fight recklessly!
You are too injured to fight recklessly!
You are too injured to fight recklessly!
You are too injured to fight recklessly!
You are too injured to fight recklessly!
You are too injured to fight recklessly!
You are too injured to fight recklessly!
You are too injured to fight recklessly!
You are too injured to fight recklessly!
You are too injured to fight recklessly!
You are too injured to fight recklessly!
You are too injured to fight recklessly!
You closely miss the hell rat.
The hell rat is severely wounded.
The hell rat bites you.
You hit the hell rat but do no damage.
The hell rat is severely wounded.
The hell rat misses you. The hell rat bites you!
You barely miss the hell rat.
The hell rat is severely wounded.
The hell rat splashes around in the water.
You barely miss the hell rat.
The hell rat is severely wounded.
You block the hell rat's attack. The hell rat bites you.
You barely miss the hell rat.
The hell rat is severely wounded.
The hell rat barely misses you. The hell rat barely misses you.
The hell rat bites you!
* * * LOW HITPOINT WARNING * * *
You hit the hell rat.
The hell rat is almost dead.
The hell rat bites you!
You die...

#####
###...###
#.~~~.~~#
##.††~.~~##
#.~~###...#
##..##~##††##
#~~.#~.~#~.~#
#.~##~~!##..#
#~~#@~~?)#..#
#~~'r~~!∩#∩∩#
#~~#.~~!!#~~#
#..##~~!##~~#
#.~.#~~~#..~#
##.~##.##.~##
#~~~###~~~#
##.~~.~~.##
#~..~~~~#


You could see a hell rat.

Vanquished Creatures
  9 adders
  3 river rats (Sewer)
  A worm (D:3)
  3 dart slugs (D:1)
  7 endoplasms
  3 giant cockroaches
  3 goblins
  4 hobgoblins
  6 jackals (D:1)
  7 kobolds
  5 quokkas
  8 ball pythons
  2 bats
  2 frilled lizards
  11 rats
74 creatures vanquished.

Notes
Turn   | Place    | Note
-------+----------+-------------------------------------------
     0 | D:1      | leviel the Hill Orc Fighter began the quest for the Orb.
     0 | D:1      | Reached XP level 1. HP: 19/19 MP: 1/1
     8 | D:1      | Found Efrifuk's Book Shoppe.
    56 | D:1      | Reached XP level 2. HP: 22/27 MP: 2/2
    93 | D:1      | Found Ziugg's Weapon Emporium.
   112 | D:1      | Found Rabualoh's Distillery.
   120 | D:1      | Bought a potion of degeneration for 14 gold pieces
   443 | D:1      | Reached XP level 3. HP: 29/33 MP: 3/3
   492 | D:1      | Reached skill level 1 in Invocations
   680 | D:1      | Found Wysoff's Book Emporium.
   750 | D:1      | Found Qoerej's Assorted Antiques.
   753 | D:1      | Bought 2 coppery potions for 45 gold pieces
  1246 | D:2      | Reached XP level 4. HP: 40/40 MP: 4/4
  1399 | D:2      | Found Wyfydeo's Antique Weapon Emporium.
  1550 | D:2      | Found a faded altar of an unknown god.
  1789 | D:2      | Found Kaanaleb's General Store.
  2146 | D:3      | Reached skill level 1 in Throwing
  2217 | D:3      | Found a runed translucent gate.
  2217 | D:3      | Noticed olddryhag's ghost (weakling DsGl)
  2218 | D:3      | Found a runed translucent gate.
  2218 | D:3      | Found a runed translucent gate.
  2220 | D:3      | Identified the +7 dagger of Fainedd {freeze, rElec}
  2222 | D:3      | Found a roughly hewn altar of Beogh.
  2351 | D:3      | Reached skill level 1 in Evocations
  2391 | D:3      | Reached XP level 5. HP: 46/46 MP: 6/6
  2647 | D:3      | Found a glowing drain.
  2656 | Sewer    | Entered a sewer
  2773 | Sewer    | Slain by a hell rat

Illustrated notes

Levels and vault maps discovered:
D:1:      spicycebolla_arrival_xxxplode, layout_basic, serial_shops, shop_coins,
          shop_fountains, shop, nicolae_shop_behind_doors,
          nicolae_shop_advertising_works [nicolae_subvault_shop_adworks],
          kennysheep_flooded_box
D:2:      layout_loops_corners, shapermc_ecumenical_altar_petra, serial_shops,
          nicolae_shop_crystal, nicolae_shop_statue_plus
D:3:      layout_loops_ring, biasface_ghost_orc_armoury,
          cheibrodos_sewer_entry_drain, minmay_snake_closets
Sewer:    sewer_hellmonk_bad_rat

Skill      XL: |  1  2  3  4  5 |
---------------+----------------+-----
Axes           | 3 4 |  4.6
Invocations    | 1 |  1.9
Fighting       | 4 |  4.3
Throwing       | 1 |  1.2
Evocations     | 1 |  1.3
Shields        | 4 |  4.0
Armour         | |  3.8

Action                   |  1- 3 |  4- 6 || total
-------------------------+-------+-------++-------
Melee: War axe           |    83 |   184 ||   267
  Use: Scroll            |     2 |       ||     2
Armor: Scale mail        |    38 |    80 ||   118
Dodge: Dodged            |    51 |   115 ||   166
Block: Buckler           |    22 |    33 ||    55

Table legend: (Time is in decaauts)
 A = Elapsed time spent in this place.
 B = Non-inter-level travel time spent in this place.
 C = Inter-level travel time spent in this place.
 D = Time resting spent in this place.
 E = Time spent auto-exploring this place.
 F = Levels seen in this place.
 G = Mean time per level.
                   A        B        C        D        E       F      G
               +--------+--------+--------+--------+--------+-----+--------+
         Total |   2878 |   2767 |    111 |      0 |   2165 |   4 |  719.5 |
       Dungeon |   2741 |   2630 |    111 |      0 |   2081 |   3 |  913.7 |
         Sewer |    137 |    137 |      0 |      0 |     84 |   1 |  137.0 |
               +--------+--------+--------+--------+--------+-----+--------+

Top non-repeatable levels by time:
     D:1: 1096 daAuts
     D:2: 1062 daAuts
     D:3: 583 daAuts
   Sewer: 137 daAuts
